Map: Thunderbird LE

Players

Kelazhur - Winner!

  • Race: Terran Terran
  • League: Master
  • Spawn Location: 5:00

Special

  • Race: Terran Terran
  • League: Master
  • Spawn Location: 11:00

Event: HomeStory Cup XX

VOD

Have the link to the VOD?

Description

Time

  • Played on: Nov. 22, 2019, 12:12 p.m.
  • Length: 7:12

All games in this series

Show
View Real Time Build Order
Export as new Build Order

Kelazhur Terran - Winner!

Build Orders: 1/1/1 

Get SALT Encoding   

  12  0:00  SCV  
  13  0:12  SCV  
  14  0:16  Supply Depot  
  14  0:25  SCV  
  14  0:27  Refinery  
  15  0:38  SCV  
  16  0:45  Barracks  
  16  0:51  SCV  
  16  0:55  Refinery  
  17  1:03  SCV  
  18  1:16  SCV  
  19  1:31  Orbital Command  
  19  1:33  Factory  
  19  1:34  Barracks Reactor  
  19  1:46  Supply Depot  
  19  1:57  SCV  
  20  2:09  SCV  
  20  2:11  Reaper x2  
  23  2:16  Hellion  
  23  2:18  Starport  
  23  2:21  SCV  
  26  2:27  Supply Depot  
  26  2:33  SCV  
  27  2:39  Hellion  
  27  2:44  Marine x2  
  29  2:48  SCV  
  32  2:55  Medivac  
  32  2:57  Supply Depot  
  34  3:02  Hellion  
  34  3:05  Marine x2  
  38  3:24  Factory Tech Lab  
  38  3:33  Command Center  
  38  3:35  Starport Tech Lab  
  38  3:36  Marine x2  
  38  3:38  SCV  
  41  3:46  Siege Tank  
  44  3:54  Marine x2  
  46  4:12  Marine  
  46  4:15  Marine  
  46  4:19  Raven  
  47  4:27  Siege Tank  
  47  4:38  Marine  
  47  4:39  Marine, SCV  
  44  4:48  Orbital Command  
  44  4:51  SCV  
  43  4:56  Marine  
  43  4:57  Marine  
  43  4:59  Siege Tank  
  48  5:03  SCV  
  49  5:09  Refinery  
  49  5:14  Marine x2, Raven  
  49  5:15  SCV x2  
  55  5:24  Command Center  
  55  5:27  SCV x2  
  57  5:34  Supply Depot  
  57  5:36  Siege Tank  
  57  5:39  Marine, SCV  
  62  5:56  Marine, SCV  
  64  5:57  Viking  
  63  6:08  Marine  
  59  6:12  SCV x2  
  59  6:13  Marine  
  59  6:16  Barracks  
  59  6:17  Barracks  
  61  6:19  Engineering Bay  
  61  6:24  SCV  
  62  6:26  Marine  
  62  6:30  SCV  
  61  6:36  SCV  
  61  6:37  SCV  
  61  6:39  Marine  
  59  6:42  SCV  
  59  6:44  Marine  
  60  6:48  SCV  
  60  6:49  SCV  
  60  6:55  SCV  
Show
View Real Time Build Order
Export as new Build Order

Special Terran 

Build Orders: Reaper Expand 

Get SALT Encoding   

  12  0:01  SCV  
  13  0:13  SCV  
  14  0:17  Supply Depot  
  14  0:25  SCV  
  15  0:39  Barracks, SCV  
  15  0:42  Refinery  
  16  0:51  SCV  
  17  1:03  SCV  
  18  1:15  SCV  
  19  1:27  Orbital Command  
  19  1:28  Reaper  
  20  1:41  Command Center  
  20  1:54  SCV  
  20  1:58  Supply Depot  
  20  2:00  Marine  
  22  2:04  Bunker  
  22  2:07  SCV  
  23  2:17  Factory  
  23  2:20  Marine  
  24  2:25  SCV  
  25  2:33  Refinery  
  25  2:37  SCV  
  25  2:41  Barracks Reactor  
  26  2:49  SCV  
  27  2:54  Orbital Command  
  27  3:01  SCV  
  27  3:03  Starport  
  27  3:04  Factory Tech Lab  
  28  3:13  Refinery, SCV  
  28  3:18  Marine x2  
  28  3:19  SCV  
  32  3:25  SCV  
  33  3:31  SCV  
  33  3:32  Factory Tech Lab  
  34  3:36  Marine x2  
  34  3:37  SCV  
  37  3:43  SCV  
  37  3:45  Raven  
  37  3:46  Supply Depot  
  40  3:52  SCV  
  40  3:54  Marine x2  
  46  3:55  Cyclone  
  46  4:10  SCV  
  36  4:21  SCV  
  36  4:24  Marine x2  
  25  4:42  Marine x2  
  26  4:45  Cloaking Field  
  26  4:46  SCV x2  
  28  4:55  Banshee  
  28  4:58  SCV x2  
  33  5:03  Marine x2  
  35  5:10  SCV x2  
  37  5:17  Siege Tank  
  40  5:22  SCV x2  
  40  5:23  Supply Depot  
  42  5:31  Marine x2  
  42  5:34  SCV x2  
  46  5:44  Banshee  
  46  5:46  SCV  
  50  5:50  SCV  
  50  5:55  Siege Tank  
  50  5:58  Marine  
  50  5:59  Marine  
  50  6:00  SCV  
  50  6:07  SCV  
  49  6:14  SCV  
  49  6:17  Marine x2  
  49  6:20  SCV  
  50  6:26  SCV  
  50  6:30  Siege Tank  
  41  6:35  Marine x2  
  41  6:39  SCV  
  44  6:43  SCV  
  41  6:51  SCV  
  41  6:53  Marine x2  
  44  6:58  SCV  
Tags
 
Add a new tag
Caveats
  • Supply blocks, unpowered buildings, or Contaminate may cause inaccurate times.
  • Supply counts are checked every 10 seconds.